 Dungeon Crawl Stone Soup version bcrawl-1.19.1 (webtiles) character file.

Game seed: 2493551423027073447

3125 Revguard the Martial Artist (level 9, -7/78 HPs)
             Began as a Yellow Draconian Transmuter on Nov 27, 2019.
             Was a Follower of Wu Jian.
             Mangled by an orc sorcerer
             ... wielding a +0 broad axe
              (11 damage)
             ... while paralysed by an orc sorcerer
             ... in a bailey.
             The game lasted 00:27:18 (7266 turns).

Revguard the Martial Artist (DrTm)                  Turns: 7266, Time: 00:27:19

Health: -7/78      AC:  2    Str: 13    XL:     9   Next: 61%
Magic:  11/16      EV:  5    Int: 13    God:    Wu Jian [*.....]
Gold:   385        SH:  0    Dex: 20    Spells: 2/17 levels left

rFire    . . .     SeeInvis .     - Unarmed
rCold    . . .     Gourm    .   (shield currently unavailable)
rNeg     . . .     Faith    .   (armour unavailable)
rPois    .         Spirit   .   (helmet currently unavailable)
rElec    .         Reflect  .   (cloak currently unavailable)
rCorr    .         Harm     .   (gloves currently unavailable)
MR       .....                  (boots currently unavailable)
Stlth    ++........             (no amulet)
HPRegen  0.23/turn              e - +5 ring of evasion
MPRegen  0.15/turn              h - ring of poison resistance

@: paralysed, spider-form, very slightly contaminated
A: tiny, (spit acid), (acid resistance), unfitting armour, AC +7
a: End Transformation, Wall Jump, Renounce Religion


You were in a bailey.
You worshipped Wu Jian.
Wu Jian was aware of your devotion.
You were not hungry.
You were a venomous arachnid creature.
You visited 2 branches of the dungeon, and saw 8 of its levels.
You also visited: Bailey.

You collected 385 gold pieces.

Inventory:

Hand Weapons
 q - the +2 whip of Infinite Pain {slash, Stlth+, unknown}
   (You found it on level 5 of the Dungeon)

   It inflicts extra damage upon your enemies.
   It makes you more stealthy.
Missiles
 a - 1013 arrows (quivered)
Armour
 l - a +0 pair of gloves (melded)
 s - a +0 pair of boots (melded)
Jewellery
 b - an uncursed ring of protection from cold
 c - an uncursed ring of resist corrosion
 e - a +5 ring of evasion (left front leg)
 h - a ring of poison resistance (right front leg)
 n - an uncursed ring of protection from fire
Wands
 k - a wand of iceblast (7)
 p - a wand of polymorph (15)
Scrolls
 f - 6 scrolls of identify
 m - a scroll of enchant weapon
 o - 2 scrolls of teleportation
 r - 2 scrolls of remove curse
Potions
 g - a potion of agility
 i - 3 potions of curing
 j - a potion of haste
 u - a potion of might
Comestibles
 d - 8 rations {!d}


   Skills:
 * Level 6.7 Fighting
 + Level 4.6 Dodging
 + Level 8.1 Unarmed Combat
 + Level 4.9 Spellcasting
 * Level 6.3 Transmutations
 + Level 2.0 Poison Magic


You had 2 spell levels left.
You knew the following spells:

 Your Spells              Type           Power        Failure   Level  Hunger
a - Beastly Appendage     Tmut           ###...       6%          1    None
b - Sticks to Snakes      Tmut           ###.....     9%          2    ##.....
c - Spider Form           Tmut/Pois      ##.          26%         3    ###....
d - Ice Form              Ice/Tmut       ##......     67%         4    ####...
e - Blade Hands           Tmut           ###.......   58%         5    ######.

Your spell library contained the following spells:

 Spells                   Type           Power        Failure   Level  Hunger


Dungeon Overview and Level Annotations

Branches:
Dungeon (7/12)             Temple (1/1) D:5
   Lair: D:7-9

Altars:
Ashenzari
Cheibriados
Elyvilon
Hepliaklqana
Makhleb
Nemelex Xobeh
Okawaru
Trog
Uskayaw
Vehumet
Wu Jian
Xom
Yredelemnul
Zin
Beogh

Shops:
D:4 =   D:5 =   D:6 (

Annotations:
D:3 1 runed door
D:7 yrara's ghost, novice GrFi


Innate Abilities, Weirdness & Mutations

((You can spit globs of acid.))
((You are resistant to acid.))
((Your golden yellow scales are hard. (AC +7)))
You cannot fit into any form of body armour.
((You are cold-blooded and may be slowed by cold attacks.))


Message History

The bolt of fire hits the gnoll.
The gnoll dies!
The bolt of fire misses you.
Items here: )) [[ † a +0 hand axe; a +0 leather armour; a cursed -3 hand axe; a +0 leather armour a goblin corpse You spin and attack the ice devil.
You hit the ice devil but do no damage. The orc sorcerer closely misses you.
The ice devil closely misses you. The orc sorcerer casts a spell at you.
You suddenly lose the ability to move!
The soul eater hits you!
* * * LOW HITPOINT WARNING * * *
The ice devil hits you.
* * * LOW HITPOINT WARNING * * *
The ice devil freezes you!
* * * LOW HITPOINT WARNING * * *
The orc sorcerer casts a spell at you.
You shrug off the repeated paralysis!
The orc sorcerer hits you with a +0 broad axe!
You die...

≈≈≈≈# #+####### ≈≈≈≈≈#
#.......# #≈≈≈≈≈#
+.8.838.# #≈≈≈≈≈#
##..4so..######≈≈≈≈≈#
#...)#o.....#.≈≈≈≈≈≈#
#!!#....#......#.≈≈≈≈≈.##
#..#....#####''#.≈≈≈≈≈...
#..#....##.....#)≈≈≈≈≈...
## #....##....)'[).......
#._..##..⌠..'.........
#....##....)'.........
#....##.....#.≈≈≈≈≈...


You could see a soul eater, an ice devil and 2 orc sorcerers.

Vanquished Creatures
  A hippogriff (D:5)
  Sigmund (D:3)
  The ghost of yrara the Skirmisher, an amateur DsFi (D:4)
  2 orc warriors (Bailey)
  A sky beast (D:7)
  A necrophage (D:7)
  4 ogres
  5 centaurs
  6 bullfrogs
  3 scorpions
  3 crimson imps
  A bullfrog zombie (D:5)
  A centaur skeleton (D:5)
  5 hounds
  A centaur zombie (D:7)
  2 orc priests
  An iguana (D:4)
  Ijyb (D:3)
  5 orc wizards
  3 worker ants
  A howler monkey zombie (D:5)
  A gnoll (Bailey)
  6 adders
  2 shadow imps
  An ooze (D:2)
  An adder zombie (D:7)
  A worm (D:5)
  4 dart slugs
  4 leopard geckos
  46 orcs
  3 ball pythons
  3 giant cockroaches (D:3)
  15 goblins
  6 hobgoblins
  17 jackals
  9 kobolds
  3 quokkas
  5 bats
  2 frilled lizards
  3 jackal skeletons (D:4)
  A leopard gecko zombie (D:4)
  4 rats (D:1)
186 creatures vanquished.

Vanquished Creatures (collateral kills)
  A scorpion (D:7)
  A bullfrog zombie (D:5)
  A worm (D:3)
  A rat (D:3)
4 creatures vanquished.

Vanquished Creatures (others)
  A gnoll (Bailey)
  7 fungi (D:7)
8 creatures vanquished.

Grand Total: 198 creatures vanquished

Notes
Turn   | Place    | Note
-------+----------+-------------------------------------------
     0 | D:1      | Revguard the Draconian Transmuter began the quest for the
                  | Orb.
     0 | D:1      | Reached XP level 1. HP: 16/16 MP: 3/3
   180 | D:1      | Reached XP level 2. HP: 23/23 MP: 5/5
   193 | D:1      | Learned a level 2 spell: Sticks to Snakes
   617 | D:2      | Reached XP level 3. HP: 18/28 MP: 1/6
   724 | D:2      | Learned a level 3 spell: Spider Form
   901 | D:2      | Found a faded altar of an unknown god.
  1147 | D:2      | Found a bloodstained altar of Trog.
  1147 | D:2      | Found a faded altar of an unknown god.
  1152 | D:2      | Found a sparkling altar of Nemelex Xobeh.
  1154 | D:2      | Found a radiant altar of Vehumet.
  1156 | D:2      | Found a snail-covered altar of Cheibriados.
  1359 | D:2      | Reached XP level 4. HP: 37/37 MP: 5/7
  1736 | D:3      | Reached XP level 5. HP: 30/44 MP: 8/8
  1890 | D:3      | Found a runed door.
  1890 | D:3      | Found a glowing silver altar of Zin.
  1890 | D:3      | Noticed an angel
  2190 | D:3      | Noticed Sigmund
  2202 | D:3      | Killed Sigmund
  2202 | D:3      | Reached skill level 4 in Unarmed Combat
  2202 | D:3      | Reached XP level 6. HP: 24/51 MP: 3/10
  2492 | D:3      | Learned a level 4 spell: Ice Form
  2528 | D:3      | Noticed Ijyb
  2554 | D:3      | Killed Ijyb
  2794 | D:4      | Found a runed translucent gate.
  2794 | D:4      | Found a runed translucent gate.
  2794 | D:4      | Found a runed translucent gate.
  3160 | D:4      | Your scales start taking on a golden yellow colour.
  3160 | D:4      | Reached XP level 7. HP: 59/59 MP: 7/11
  3219 | D:4      | Reached skill level 5 in Unarmed Combat
  3640 | D:4      | Found Teachi's Jewellery Shoppe.
  3844 | D:4      | Identified the +1 ring mail "Xocvi" {Int+2 Dex+2}
  3844 | D:4      | Noticed yrara's ghost (amateur DsFi)
  3845 | D:4      | Found a roughly hewn altar of Beogh.
  3897 | D:4      | Killed yrara's ghost
  3897 | D:4      | Reached skill level 1 in Poison Magic
  3954 | D:5      | Entered Level 5 of the Dungeon
  4217 | D:5      | HP: 3/60 [bullfrog (3)]
  4506 | D:5      | Noticed a hippogriff
  4522 | D:5      | Killed a hippogriff
  4522 | D:5      | Reached skill level 6 in Unarmed Combat
  4522 | D:5      | Reached XP level 8. HP: 27/67 MP: 9/13
  4530 | D:5      | Got a crude whip
  4794 | D:5      | Reached skill level 5 in Fighting
  4794 | D:5      | Reached skill level 5 in Transmutations
  5207 | D:5      | Found a staircase to the Ecumenical Temple.
  5217 | Temple   | Entered the Ecumenical Temple
  5281 | Temple   | Became a worshipper of the Wu Jian Council
  5446 | D:5      | Found Ralodo's Jewellery Emporium.
  6198 | D:6      | Found Okhlocie's Antique Weapon Shoppe.
  6235 | D:6      | Learned a level 5 spell: Blade Hands
  6253 | D:6      | Reached skill level 7 in Unarmed Combat
  6255 | D:6      | Reached XP level 9. HP: 73/74 MP: 11/15
  6495 | D:6      | Reached * piety under Wu Jian
  6555 | D:7      | Noticed a moth of wrath
  6568 | D:7      | Noticed yrara's ghost (novice GrFi)
  6694 | D:7      | Found a bloodstained altar of Trog.
  6797 | D:7      | Found a burning altar of Makhleb.
  6797 | D:7      | Noticed a balrug
  6818 | D:7      | Found a flagged portal.
  6844 | Bailey   | Entered a bailey
  7018 | Bailey   | Reached skill level 8 in Unarmed Combat
  7248 | Bailey   | Found an iron altar of Okawaru.
  7248 | Bailey   | Noticed an orc sorcerer
  7248 | Bailey   | Noticed an orc sorcerer
  7248 | Bailey   | Paralysed by an orc sorcerer for 3 turns
  7259 | Bailey   | Noticed an ice devil
  7263 | Bailey   | Noticed a soul eater
  7265 | Bailey   | Paralysed by an orc sorcerer for 4 turns
  7266 | Bailey   | Mangled by an orc sorcerer

Skill      XL: |  1  2  3  4  5  6  7  8  9 |
---------------+----------------------------+-----
Fighting       | 2 3 4 5 6 |  6.7
Dodging        | 2 3 4 |  4.6
Unarmed Combat | 4 6 7 8 |  8.1
Transmutations | 3 4 5 6 |  6.3
Spellcasting   | 3 4 |  4.9
Poison Magic   | 1 2 |  2.0

Action                   |  1- 3 |  4- 6 |  7- 9 || total
-------------------------+-------+-------+-------++-------
Melee: Unarmed           |   141 |   168 |   392 ||   701
       Tailslap          |     8 |     8 |    29 ||    45
       Kick              |     9 |     5 |     3 ||    17
       Headbutt          |     3 |    10 |    22 ||    35
       Punch             |     1 |     1 |     7 ||     9
 Cast: Beastly Appendage |    16 |    13 |    19 ||    48
       Sticks to Snakes  |     1 |     9 |     7 ||    17
       Spider Form       |     1 |     5 |    14 ||    20
Invok: Whirlwind         |       |       |   133 ||   133
       Lunge             |       |       |    14 ||    14
 Abil: Breathe Acid      |       |       |     9 ||     9
       End Transformatio |       |       |     1 ||     1
       Wall Jump         |       |       |     1 ||     1
Evoke: Wand              |       |     2 |       ||     2
  Use: Scroll            |       |     8 |     7 ||    15
       Potion            |       |     4 |     6 ||    10
 Stab: Sleeping          |     2 |       |     1 ||     3
       Distracted        |       |     1 |       ||     1
  Eat: Chunk             |     2 |     8 |    14 ||    24
       Ration            |       |       |     1 ||     1
Armor: Skin              |    43 |    45 |    90 ||   178
Dodge: Dodged            |    80 |   130 |   331 ||   541
